General information
- name: forum1
- type: Custom game
- host: N00bmaul
- saver: Q-veta
map: TwistedMeadows
- players: 3
- length: 17:46
- speed: Fast
- version: 1.26 W3XP
- replay type: Public
» download(88 KB)
Players
team 1 (loser)
GHETTo_oVERLORD (
dark-green | 201 APM | 3574 actions | 17:45)
4 Archmage
2 Summon Water Elemental
2 Brilliance Aura
2 Mountain King
1 Storm Bolt
1 Bash
» actions
| Assign group hotkey | 301 | |
| Basic commands | 325 | |
| Build / train | 61 | |
| Enter build submenu | 21 | |
| Enter hero's abilities submenu | 6 | |
| Right click | 1448 | |
| Select / deselect | 646 | |
| Select group hotkey | 621 | |
| Use ability | 145 | |
3574 total
» units
| Peasant | 16 | |
| Footman | 13 | |
| Sorceress | 1 | |
| Priest | 5 | |
| Spell Breaker | 2 | |
37 total
» upgrades
| Sorceress Training | 1 | |
| Priest Training | 1 | |
| Masonry | 2 | |
4 total
» buildings
| Barracks | 1 | |
| Farm | 9 | |
| Altar of Kings | 1 | |
| Lumber Mill | 1 | |
| Keep | 1 | |
| Arcane Vault | 2 | |
| Scout Tower | 6 | |
| Guard Tower | 4 | |
| Arcane Sanctum | 2 | |
| Town Hall | 1 | |
28 total
» build order
00:20 Barracks
00:34 Farm
00:36 Farm
00:49 Altar of Kings
01:05 Lumber Mill
01:45 Farm
02:34 Farm
03:58 Farm
04:06 Keep
04:11 Arcane Vault
05:57 Farm
06:30 Scout Tower
06:31 Scout Tower
07:07 Guard Tower
07:35 Arcane Sanctum
07:37 Arcane Sanctum
09:23 Farm
11:11 Farm
11:43 Farm
14:11 Town Hall
14:13 Scout Tower
14:13 Scout Tower
14:13 Scout Tower
14:14 Scout Tower
14:48 Guard Tower
15:56 Arcane Vault
16:05 Guard Tower
» items
| Scroll of Regeneration | 1 | |
| Lesser Clarity Potion | 3 | |
| Scroll of Town Portal | 1 | |
5 total
team 2 (winner)
Q-veta (
pink | 124 APM | 2205 actions | 17:46)
5 Archmage
3 Summon Water Elemental
2 Brilliance Aura
5 Mountain King
3 Storm Bolt
2 Thunder Clap
» actions
| Assign group hotkey | 82 | |
| Basic commands | 193 | |
| Build / train | 70 | |
| ESC pressed | 3 | |
| Enter build submenu | 29 | |
| Enter hero's abilities submenu | 11 | |
| Give item / drop item | 5 | |
| Right click | 557 | |
| Select / deselect | 582 | |
| Select group hotkey | 535 | |
| Use ability | 138 | |
2205 total
» units
| Peasant | 14 | |
| Footman | 9 | |
| Spell Breaker | 4 | |
| Priest | 4 | |
| Sorceress | 2 | |
| Gryphon Rider | 2 | |
35 total
» upgrades
| Masonry | 1 | |
| Lumber Harvesting | 2 | |
| Priest Training | 1 | |
| Sorceress Training | 1 | |
| Swords | 1 | |
| Plating | 1 | |
| Animal War Training | 1 | |
| Armor | 1 | |
| Storm Hammers | 1 | |
10 total
» buildings
| Altar of Kings | 1 | |
| Barracks | 1 | |
| Farm | 8 | |
| Scout Tower | 4 | |
| Arcane Tower | 1 | |
| Keep | 1 | |
| Arcane Vault | 1 | |
| Lumber Mill | 1 | |
| Arcane Sanctum | 3 | |
| Town Hall | 2 | |
| Blacksmith | 1 | |
| Castle | 1 | |
| Gryphon Aviary | 2 | |
| Guard Tower | 1 | |
28 total
» build order
00:06 Altar of Kings
00:20 Barracks
00:36 Farm
00:52 Farm
01:38 Farm
02:11 Scout Tower
02:45 Arcane Tower
03:17 Keep
03:27 Arcane Vault
04:22 Lumber Mill
04:34 Farm
05:19 Farm
05:39 Arcane Sanctum
05:42 Arcane Sanctum
05:44 Arcane Sanctum
06:47 Farm
07:19 Farm
09:42 Town Hall
10:22 Scout Tower
10:41 Blacksmith
11:23 Castle
12:13 Farm
12:58 Town Hall
13:00 Gryphon Aviary
13:13 Scout Tower
13:14 Scout Tower
13:20 Gryphon Aviary
14:09 Guard Tower
» items
| Scroll of Regeneration | 2 | |
| Lesser Clarity Potion | 1 | |
| Potion of Healing | 1 | |
4 total
observersN00bmaul Chat log
(00:13 / All) Q-veta: U THINK UR TUFF HUH?
(00:24 / All) Q-veta: DO YOU REALLY THINK
(00:25 / All) GHETTo_oVERLORD: is this going to be some kind of ruse
(00:29 / All) GHETTo_oVERLORD: and it turns out you're orwell
(00:30 / All) Q-veta: YOU CAN BEAT SOMEONE WHO IS UNDEFEATED AND UNMATCHED?
(00:30 / All) GHETTo_oVERLORD: or some shit
(00:40 / All) GHETTo_oVERLORD: same way I beat everyone
(00:41 / All) GHETTo_oVERLORD: badly
(00:53 / All) Q-veta: i saw
(00:58 / All) Q-veta: orwell play against HAL
(00:59 / All) Q-veta: man
(01:00 / All) Q-veta: that was terrible
(01:07 / All) GHETTo_oVERLORD: eh
(01:12 / All) GHETTo_oVERLORD: they're entitled to be weaker players
(01:17 / All) Q-veta: NO
(01:18 / All) GHETTo_oVERLORD: i suck at a lot of games
(01:20 / All) GHETTo_oVERLORD: including this one
(01:21 / All) Q-veta: THEY'RE NOT ENTITLED TO BE SUBHUMANS
(01:29 / All) GHETTo_oVERLORD: I understand completely.
(02:00 / All) GHETTo_oVERLORD: alright yeah
(02:00 / All) GHETTo_oVERLORD: hf
(05:15 / All) Q-veta: UNDEFEATED AND UNMATCHED
(05:18 / All) GHETTo_oVERLORD: k
(07:55 / All) Q-veta: OK
(07:58 / All) Q-veta: NOW I'M PISSED
(08:01 / All) GHETTo_oVERLORD: l
(08:02 / All) GHETTo_oVERLORD: k
(13:47 / All) Q-veta: HANNIBAL AT YOUR GATES BRAH
(13:51 / All) GHETTo_oVERLORD: word
(16:06 / All) Q-veta: sorc harass
(16:07 / All) Q-veta: nice
(16:09 / All) Q-veta: fyw
(16:11 / All) Q-veta: fyi
(16:12 / All) Q-veta: hum vs hum
(16:15 / All) Q-veta: is my best matchup
(16:22 / All) GHETTo_oVERLORD: mhmm
(17:22 / All) GHETTo_oVERLORD: alright yeah
(17:27 / All) GHETTo_oVERLORD: i think i just targeted my own MK
(17:29 / All) Q-veta: UNDEFEATED AND UNMATCHED
(17:32 / All) Q-veta: no
(17:32 / All) GHETTo_oVERLORD: ggs
(17:35 / All) Q-veta: i focused fired on it
(17:38 / All) Q-veta: UNDEFEATED AND UNMATCHED
(17:41 / All) GHETTo_oVERLORD: no, i think i did too
(17:43 / All) GHETTo_oVERLORD: gg